 Dungeon Crawl Stone Soup version 0.29-a0-337-g68df138881 (webtiles) character file.

Game seed: 2571972766151166333

2112 Morbidden the Digger (level 9, 0/81 HPs)
             Began as a Troll Earth Elementalist on Apr 16, 2022.
             Was a Follower of Vehumet.
             Slain by a yak (11 damage)
             ... on level 8 of the Dungeon.
             The game lasted 00:08:46 (7404 turns).

Morbidden the Digger (Troll Earth Elementalist)     Turns: 7404, Time: 00:08:47

Health: 0/81       AC:  8    Str: 18    XL:     9   Next: 8%
Magic:  10/13      EV: 10    Int: 21    God:    Vehumet [*.....]
Gold:   433        SH:  0    Dex:  8    Spells: 5/14 levels left

rFire   . . .      SeeInvis .     - Unarmed
rCold   + . .      Faith    .   (no shield)
rNeg    + + .      Spirit   .   b - +0 robe
rPois   .          Reflect  .   (helmet restricted)
rElec   .          Harm     .   (no cloak)
rCorr   .          Rampage  .   (gloves unavailable)
Will    .....                   (boots unavailable)
Stlth   +.........              (no amulet)
HPRegen 1.03/turn               k - +4 ring of protection
MPRegen 0.13/turn               m - ring of Aqiulis {rC+ rN++ Int+6 Dex-2}

@: no status effects
A: large, unfitting armour, claws 3, regeneration 1, shaggy fur 1, tough skin 1
a: Renounce Religion


You were on level 8 of the Dungeon.
You worshipped Vehumet.
Vehumet was aware of your devotion.
You visited 2 branches of the dungeon, and saw 9 of its levels.

You collected 433 gold pieces.

Inventory:

Missiles
 a - 218 stones
 r - a curare-tipped dart
 y - 5 javelins (quivered)
Armour
 b - a +0 robe (worn)
Jewellery
 k - a +4 ring of protection (left claw)
 m - the ring of Aqiulis (right claw) {rC+ rN++ Int+6 Dex-2}
   (You found it on level 3 of the Dungeon)

   [ring of intelligence]

   Int:       It affects your intelligence (+6).
   Dex:       It affects your dexterity (-2).
   rC:        It protects you from cold.
   rN:        It greatly protects you from negative energy.
 o - a +6 ring of dexterity
 x - an amulet of guardian spirit
Wands
 p - a wand of flame (28)
 s - a wand of polymorph (9)
Scrolls
 d - a scroll of holy word {unknown}
 e - 3 scrolls of enchant weapon {unknown}
 g - 3 scrolls of amnesia {unknown}
 j - 4 scrolls of immolation
 n - a scroll of identify
 q - a scroll of enchant armour {unknown}
 t - 3 scrolls of teleportation
 u - 2 scrolls of vulnerability {unknown}
 v - 4 scrolls of fog
 w - a scroll of acquirement {unknown}
Potions
 c - a potion of magic
 f - 3 potions of invisibility
 h - a potion of heal wounds
 i - a potion of mutation {unknown}
 l - 2 potions of curing
 z - a potion of degeneration {unknown}
 A - a potion of flight {unknown}
 B - a potion of might {unknown}
 C - a potion of cancellation {unknown}


   Skills:
 * Level 3.0 Fighting
 + Level 0.2 Throwing
 * Level 4.3 Dodging
 + Level 1.3 Stealth
 * Level 4.6 Unarmed Combat
 * Level 3.3 Spellcasting
 * Level 2.0 Conjurations
 * Level 1.8 Translocations
 + Level 0.6 Transmutations
 * Level 5.8 Earth Magic


You had 5 spell levels left.
You knew the following spells:

 Your Spells              Type           Power      Damage    Failure   Level
a - Sandblast             Erth           54%        2d13      1%          1
b - Stone Arrow           Conj/Erth      40%        3d9       8%          3
c - Manifold Assault      Tloc           11%        N/A       86%         5

Your spell library contained the following spells:

 Spells                   Type           Power      Damage    Failure   Level
 Freeze                   Ice            12%        1d4       13%         1
 Passwall                 Tmut/Erth      13%        N/A       5%          2
 Blink                    Tloc           22%        N/A       9%          2
 Lesser Beckoning         Tloc           11%        N/A       19%         3
 Petrify                  Tmut/Erth      16%        N/A       34%         4


Dungeon Overview and Level Annotations

Branches:
Dungeon (8/15)             Temple (1/1) D:5
   Lair: D:8-11

Altars:
Ashenzari
Cheibriados
Dithmenos
Elyvilon
Fedhas
Gozag
Hepliaklqana
Kikubaaqudgha
Makhleb
Nemelex Xobeh
Okawaru
Qazlal
Ru
Sif Muna
Trog
Uskayaw
Vehumet
Wu Jian
Xom
Yredelemnul
Zin
The Shining One


Innate Abilities, Weirdness & Mutations

You are too large for most types of armour.
You have claws for hands.
Your natural rate of healing is unusually fast.
You are covered in fur. (AC +1)
You have tough skin. (AC +1)


Message History

You claw the yak!
The yak is moderately wounded.
You closely miss the yak.
The yak is moderately wounded.
The yak gores you.
* * * LOW HITPOINT WARNING * * *
You scratch the yak but do no damage.
The yak is moderately wounded.
The yak gores you but does no damage.
You scratch the yak but do no damage.
The yak is moderately wounded.
The yak gores you!
* * * LOW HITPOINT WARNING * * *
You scratch the yak but do no damage.
The yak is moderately wounded.
The yak gores you!
* * * LOW HITPOINT WARNING * * *
Unknown command.
You feel much better. The yak gores you but does no damage.
You barely miss the yak.
The yak is moderately wounded.
The yak closely misses you.
Unknown command.
You scratch the yak but do no damage.
The yak is moderately wounded.
The yak closely misses you.
Unknown command.
You closely miss the yak.
The yak is moderately wounded.
The yak misses you.
Unknown command.
You scratch the yak.
The yak is heavily wounded.
The yak gores you!
* * * LOW HITPOINT WARNING * * *
Unknown command.
You claw the yak!
The yak is severely wounded.
The yak gores you!
You die...

....#.###.#.##
#.##.# #...#.
#....####..#.
#.......#....
#.......##.##
#.......##..#
#.[.....###.#
########.......# #..
#YY@...'.......# ##.
#†######.......####.
#....# #.......##...
#....# ######+###...
#YY..# #...
.#.###.#### #...
..........# #...
###....../+ #...
#####...# #...


You could see 2 yaks.

Vanquished Creatures
  Prince Ribbit (D:8)
  3 yaks (D:8)
  A steam dragon (D:7)
  A sky beast (D:8)
  3 phantoms
  A centaur (D:7)
  A kobold brigand (D:8)
  2 scorpions
  3 hounds
  5 jellies
  4 orc priests
  4 iguanas
  3 orc wizards
  6 gnolls
  6 adders
  2 shadow imps (D:7)
  2 ufetubi
  2 worms
  4 dart slugs
  22 orcs
  2 ball pythons
  4 bats
  5 endoplasms
  4 goblins
  9 hobgoblins
  5 jackals
  3 quokkas
  4 frilled lizards (D:3)
  11 kobolds
  4 rats
127 creatures vanquished.

Notes
Turn   | Place    | Note
-------+----------+-------------------------------------------
     0 | D:1      | Morbidden the Troll Earth Elementalist began the quest for
                  | the Orb.
     0 | D:1      | Reached XP level 1. HP: 16/16 MP: 1/1
    54 | D:1      | Reached skill level 3 in Earth Magic
    64 | D:1      | Reached XP level 2. HP: 24/24 MP: 2/2
   216 | D:1      | Found a faded altar of an unknown god.
   216 | D:1      | Noticed a smoke demon
  1001 | D:2      | Reached XP level 3. HP: 32/32 MP: 2/4
  1147 | D:2      | Identified the +1 pair of boots of the World {Str+3}
  1324 | D:2      | Reached skill level 1 in Unarmed Combat
  1526 | D:3      | Identified the ring of Aqiulis {rC+ rN++ Int+6 Dex-2}
  1647 | D:3      | Reached XP level 4. HP: 40/40 MP: 5/5
  2088 | D:3      | Identified the +5 mace of the Sea {antimagic, rPois rC+ rN+
                  | Stlth+}
  2422 | D:3      | Reached skill level 1 in Fighting
  2422 | D:3      | Reached XP level 5. HP: 46/48 MP: 2/6
  2468 | D:3      | Reached skill level 4 in Earth Magic
  2869 | D:4      | Found a blossoming altar of Fedhas.
  3011 | D:4      | Reached XP level 6. HP: 54/57 MP: 8/8
  3126 | D:4      | Learned a level 3 spell: Stone Arrow
  3132 | D:4      | Learned a level 5 spell: Manifold Assault
  3137 | D:5      | Entered Level 5 of the Dungeon
  3591 | D:5      | Reached XP level 7. HP: 58/65 MP: 0/9
  3954 | D:5      | Found a staircase to the Ecumenical Temple.
  3963 | Temple   | Entered the Ecumenical Temple
  4014 | Temple   | Became a worshipper of Vehumet
  5503 | D:6      | Reached skill level 1 in Conjurations
  5754 | D:7      | Noticed a steam dragon
  6123 | D:7      | Reached skill level 5 in Earth Magic
  6237 | D:7      | Reached XP level 8. HP: 74/74 MP: 5/10
  6302 | D:7      | Reached * piety under Vehumet
  6302 | D:7      | Offered knowledge of Freeze by Vehumet.
  6377 | D:7      | Reached skill level 1 in Translocations
  7296 | D:8      | Noticed Prince Ribbit
  7314 | D:8      | Killed Prince Ribbit
  7381 | D:8      | Reached XP level 9. HP: 43/81 MP: 7/12
  7398 | D:8      | HP: 2/81 [yak (9)]
  7404 | D:8      | Slain by a yak

Illustrated notes

Levels and vault maps discovered:
D:1:      onia_arrival_mini_maze_b, layout_basic,
          dreamdust_ecumenical_altar_sealed_demon, minmay_misc_feat_columns
D:2:      kennysheep_big_flooded_room, layout_loops_ring
D:3:      wander_river, layout_loops_ring
D:4:      layout_rooms, mainiacjoe_overflow_cross_hatched,
          chequers_hall_statues_wall_a, hangedman_abyss_or_decor_passed
D:5:      layout_basic, lemuel_temple_firewalk_b, minmay_misc_feat_cross,
          st_stairs_13
D:6:      layout_loops_ring, nrook_campfire
D:7:      layout_loops_ring
D:8:      layout_basic, minmay_misc_feat_five, uniq_prince_ribbit1
Temple:   grunt_wide_crystal_templ

Skill      XL: |  1  2  3  4  5  6  7  8  9 |
---------------+----------------------------+-----
Earth Magic    | 3 4 5 |  5.8
Unarmed Combat | 1 2 3 4 |  4.6
Dodging        | 2 3 4 |  4.3
Fighting       | 1 2 3 |  3.0
Spellcasting   | 2 3 |  3.3
Conjurations   | 1 2 |  2.0
Translocations | 1 |  1.8
Throwing       | |  0.2
Stealth        | |  1.3
Transmutations | |  0.6

Action                   |  1- 3 |  4- 6 |  7- 9 || total
-------------------------+-------+-------+-------++-------
Melee: Unarmed           |    78 |    98 |   190 ||   366
       Punch             |     2 |     2 |     4 ||     8
Throw: Javelin           |       |     1 |     6 ||     7
       Stone             |       |       |     1 ||     1
 Cast: Sandblast         |    13 |    46 |    21 ||    80
       Stone Arrow       |       |     1 |    24 ||    25
  Use: Scroll            |       |       |     7 ||     7
       Potion            |       |       |     5 ||     5
 Stab: Sleeping          |     3 |       |       ||     3
Armor: Robe              |    31 |    40 |   118 ||   189
Dodge: Dodged            |    36 |    51 |   124 ||   211

Table legend: (Time is in decaauts)
 A = Elapsed time spent in this place.
 B = Non-inter-level travel time spent in this place.
 C = Inter-level travel time spent in this place.
 D = Time resting spent in this place.
 E = Time spent auto-exploring this place.
 F = Levels seen in this place.
 G = Mean time per level.
                   A        B        C        D        E       F      G
               +--------+--------+--------+--------+--------+-----+--------+
         Total |   7444 |   7164 |    280 |   1025 |   5040 |   9 |  827.1 |
       Dungeon |   7376 |   7108 |    268 |   1025 |   5008 |   8 |  922.0 |
        Temple |     67 |     55 |     12 |      0 |     32 |   1 |   67.0 |
               +--------+--------+--------+--------+--------+-----+--------+

Top non-repeatable levels by time:
     D:5: 1632 daAuts
     D:6: 1204 daAuts
     D:3: 1025 daAuts
     D:7: 998 daAuts
     D:2: 779 daAuts
     D:1: 732 daAuts
     D:4: 619 daAuts
     D:8: 383 daAuts
  Temple: 67 daAuts
